 Dungeon Crawl Stone Soup version 0.30.1-4-g462c640d31 (webtiles) character file.

Game seed: 18290349370463489499

11 kingsuperguy the Covered (level 2, -3/26 HPs)
             Began as a Meteoran Fighter on Aug 29, 2023.
             Was a Follower of Kikubaaqudgha.
             Slain by a goblin
             ... wielding a +0 club
             ... led by Robin
              (4 damage)
             ... on level 2 of the Dungeon.
             The game lasted 00:01:47 (160 turns).

kingsuperguy the Covered (Meteoran Fighter)          Turns: 160, Time: 00:01:49

Health: -3/26      AC:  7    Str: 17    XL:     2   Next: 52%
Magic:  3/3        EV:  9    Int:  9    God:    Kikubaaqudgha [*.....]
Gold:   0          SH:  5    Dex: 13    Spells: 1/1 levels left

rFire   . . .        a - +0 flail
rCold   . . .        c - +0 buckler
rNeg    . . .        b - +0 scale mail
rPois   .            (no helmet)
rElec   .            (no cloak)
rCorr   .            (no gloves)
SInv    .            (no boots)
Will    .....        (no amulet) Stlth
                     (no ring)
HPRegen 0.24/turn    (no ring)
MPRegen 0.08/turn

%: no passive effects
@: mighty, lethally poisoned (-3 -> -11), glowing
A: sense surroundings 1, otherworldly, glowing, explore regen
a: Renounce Religion, Unearth Wretches


You were on level 2 of the Dungeon.
You worshipped Kikubaaqudgha.
Kikubaaqudgha was aware of your devotion.
You visited 1 branch of the dungeon, and saw 2 of its levels.

Inventory:

Hand Weapons
 a - a +0 flail (weapon)
Armour
 b - a +0 scale mail (worn)
 c - a +0 buckler (worn)
Scrolls
 f - a scroll of immolation {unknown}
 h - a scroll of teleportation {unknown}
Potions
 e - a potion of haste {unknown}
 g - a potion of heal wounds {unknown}


   Skills:
 + Level 3.4 Fighting
 + Level 2.9 Maces & Flails
 + Level 3.9 Armour
 + Level 3.8 Shields


You had one spell level left.
You didn't know any spells.
Your spell library contained the following spells:

 Spells                   Type           Power      Damage    Failure   Level
 Necrotise                Necr           0%         1d4       86%         1
 Sublimation of Blood     Necr           0%         N/A       94%         2
 Vampiric Draining        Necr           0%         2d6       99%         3
 Animate Dead             Necr           0%         N/A       100%        4


Dungeon Overview and Level Annotations

Branches:
Dungeon (2/15) Zot: 1029

Altars:
Kikubaaqudgha

Annotations:
D:2 Robin


Innate Abilities, Weirdness & Mutations

You passively map a small area around you.
You are easily found by Zot.
You glow in the dark.
You regain HP and MP as you explore.


Message History

Robin hits you but does no damage.
You are poisoned.
A goblin comes into view. It is wielding a +0 dagger.
A quokka comes into view.
You closely miss Robin.
Robin is heavily wounded.
You feel very sick. Robin throws the goblin at you!
You barely miss Robin.
Robin is heavily wounded.
You feel sick.
A hobgoblin comes into view.
You block the goblin's attack. Robin hits you but does no damage.
A ball python comes into view.
The hobgoblin shouts!
The ball python hisses angrily.
You hit Robin.
Robin is almost dead.
You feel sick. Robin hits you but does no damage.
You are more poisoned.
You block the goblin's attack. The goblin hits you but does no damage.
Robin barely misses you.
You barely miss Robin.
Robin is almost dead.
You feel very sick.
An adder comes into view.
The goblin closely misses you. Robin hits you but does no damage.
You are lethally poisoned!
You feel very mighty all of a sudden.
You feel very sick.
The adder hisses angrily.
Robin throws the goblin at you! The goblin hits you but does no damage.
The hobgoblin barely misses you. The goblin hits you with a +0 dagger.
* * * LOW HITPOINT WARNING * * *
You closely miss Robin.
Robin is almost dead.
* * * LOW HITPOINT WARNING * * *
You feel very sick. The goblin hits you with a +0 club.
You die...
Kikubaaqudgha rasps: "You have failed me!
Welcome... death!"

* * #.......#
. # #.......#
*..#.#.......#
* ...#.......+
* .........#
#.......#
###..g...#* ,
#.....@g.# ,
*, ,
##...g.ggS....
#)######r....
#)# * S... ,
#)# ,,... #.#
,.., , * *
*#.# . ,, #.#
* ' , ,#.# *


You could see Robin, an adder, a quokka, a hobgoblin (strong), 3 goblins and a
ball python.

Vanquished Creatures
  A ball python (D:1)
  An endoplasm (D:1)
  A hobgoblin (D:1)
  5 goblins (D:2)
  A kobold (D:1)
9 creatures vanquished.

Notes
Turn   | Place    | Note
-------+----------+-------------------------------------------
     0 | D:1      | kingsuperguy the Meteoran Fighter began the quest for the
                  | Orb.
     0 | D:1      | Reached XP level 1. HP: 19/19 MP: 2/2
    42 | D:1      | Found a faded altar of an unknown god.
    46 | D:1      | Prayed at the altar of an unknown god.
    46 | D:1      | Became a worshipper of Kikubaaqudgha
    46 | D:1      | Reached * piety under Kikubaaqudgha
    46 | D:1      | Received a gift from Kikubaaqudgha
    78 | D:1      | Reached XP level 2. HP: 21/26 MP: 3/3
   149 | D:2      | Noticed Robin
   160 | D:2      | HP: 1/26 [poisoned by Robin]
   160 | D:2      | Slain by a goblin

Illustrated notes

Levels and vault maps discovered:
D:1:      lemuel_arrival_funnel, layout_loops_cross,
          hellmonk_ecumenical_altar_heavens_door, st_stairs_5,
          minmay_strange_pillars
D:2:      layout_basic, kennysheep_generic_room_4, uniq_robin, uniq_jessica,
          uniq_terence

Action                     || total
---------------------------++-------
  Melee: Flail             ||    33
    Use: Potion            ||     1
 Armour: Scale mail        ||    30
  Dodge: Dodged            ||    16
  Block: Buckler           ||     9
